 Dungeon Crawl Stone Soup version 0.17.0-23-g0de4337 (webtiles) character file.

145 JudasIscariot the Cutter (level 5, -4/33 HPs)
             Began as a Kobold Chaos Knight on Nov 13, 2015.
             Slain by an orc
             ... wielding a +0 flail
              (7 damage)
             ... on level 4 of the Dungeon.
             The game lasted 00:06:16 (2466 turns).

JudasIscariot the Cutter (Kobold Chaos Knight)      Turns: 2466, Time: 00:06:16

Health: -4/33      AC:  5    Str: 11    XL:     5   Next: 53%
Magic:  5/5        EV: 15    Int: 10    God:    Xom [...*..]
Gold:   139        SH:  0    Dex: 16    Spells: 0 memorised, 4 levels left

rFire  . . .     SeeInvis .     a - +0 short sword (chaos)
rCold  . . .     Clarity  +     b - +2 leather armour
rNeg   . . .     SustAt   +     (shield restricted)
rPois  .         Gourm    .     (no helmet)
rElec  .         Spirit   .     (no cloak)
rCorr  .         Warding  .     (no gloves)
rMut   .         Stasis   .     (no boots)
MR     .....                    o - amulet of clarity
Stlth  +.........               g - ring of loudness (curse)
                                f - ring of sustain attributes

@: not resistant to hostile enchantments, very unstealthy
A: carnivore 3
a: Renounce Religion


You were on level 4 of the Dungeon.
You worshipped Xom.
You were a favourite toy of Xom.
You were completely stuffed.

You visited 1 branch of the dungeon, and saw 4 of its levels.

You collected 139 gold pieces.

Inventory:

Hand Weapons
 a - a +0 short sword of chaos (weapon)
Armour
 b - a +2 leather armour (worn)
Jewellery
 f - a ring of sustain attributes (left hand)
 g - a cursed ring of loudness (right hand)
 o - an amulet of clarity (around neck)
Scrolls
 e - a scroll of magic mapping {unknown}
 j - a scroll of enchant weapon {unknown}
 k - a scroll of immolation {unknown}
 l - 4 scrolls of blinking {unknown}
 p - a scroll of identify {unknown}
 q - a scroll of noise {unknown}
Potions
 d - a potion of cancellation {unknown}
 i - 2 potions of curing {unknown}
 m - a potion of berserk rage {unknown}
 n - a potion of lignification {unknown}
Comestibles
 c - 4 meat rations
 h - 5 chunks of flesh


   Skills:
 * Level 4.1 Fighting
 * Level 5.4 Short Blades
 * Level 2.2 Armour
 + Level 3.0 Dodging
 + Level 1.1 Stealth


You had 4 spell levels left.
You didn't know any spells.

Dungeon Overview and Level Annotations

Branches:
Dungeon (4/15)
 Temple: D:4-7

Altars:
Makhleb


Innate Abilities, Weirdness & Mutations

You are small and have problems with some larger weapons.
You are carnivorous and can eat meat at any time.


Message History

You kill the orc!
A hound comes into view.
You closely miss the orc.
You hear the hiss of a distant avalanche of sand.
The hound barks!
The orc hits you but does no damage.
You hit the orc but do no damage. The orc hits you but does no damage.
The orc hits you with a hand axe.
* * * LOW HITPOINT WARNING * * *
You hit the orc. You freeze the orc.
The orc is severely wounded.
The orc misses you. The orc hits you with a hand axe.
* * * LOW HITPOINT WARNING * * *
You hit the orc.
The orc is severely wounded.
You hit the orc but do no damage.
The orc is poisoned.
The orc is severely wounded.
The orc hits you with a flail!
You die...
Xom chuckles heartily!

#.##+#.##'#.##+#.##'#.#..........
......................# .#.#...
#.##+#.##+#.##+#.##'#.# ........
#.# #.# #.#..#.#..#.# #.# +.+
#.#..'.'..#.# #.# #.#
#.####.####.# ... ... ...
.............# .... ###
################.#.....
........o@h...........
#..#.#..##o...#...###.
#..##..........# #..###...#..##.#
.... #...#..# # ..... ....#..#
#.#..###...#... #.#..# #...# .#
#...#


You could see a hound and 2 orcs.

Vanquished Creatures
  A crimson imp (D:4)
  A worker ant (D:4)
  3 adders
  3 giant geckos
  5 orcs
  A giant cockroach (D:2)
  4 hobgoblins
  4 jackals
  2 quokkas
  2 ball pythons
  9 bats
  4 giant newts
  5 goblins
  A kobold (D:3)
  4 rats
49 creatures vanquished.

Notes
Turn   | Place    | Note
--------------------------------------------------------------
     0 | D:1      | JudasIscariot the Kobold Chaos Knight began the quest for the Orb.
     0 | D:1      | Reached XP level 1. HP: 14/14 MP: 1/1
   135 | D:1      | Reached skill level 1 in Armour
   230 | D:1      | Reached XP level 2. HP: 17/19 MP: 2/2
   861 | D:2      | XOM: cast spell 'Confusing Touch'
   863 | D:2      | Reached XP level 3. HP: 21/24 MP: 3/3
  1032 | D:2      | XOM: silly message
  1657 | D:3      | XOM: 1-stop teleportation journey
  1804 | D:3      | Reached XP level 4. HP: 27/29 MP: 4/4
  1827 | D:3      | Found a burning altar of Makhleb.
  2025 | D:3      | XOM: noise
  2208 | D:4      | Reached skill level 5 in Short Blades
  2251 | D:4      | XOM: divination: detect items
  2253 | D:4      | XOM: potion effect (agility)
  2267 | D:4      | Reached XP level 5. HP: 33/33 MP: 5/5
  2306 | D:4      | XOM: smoke on damage
  2349 | D:4      | Reached skill level 1 in Stealth
  2354 | D:4      | XOM: harmless Summ miscast
  2466 | D:4      | Slain by an orc

Action                   |  1- 3 |  4- 6 || total
-------------------------+-------+-------++-------
Melee: Short sword       |    81 |    96 ||   177
 Stab: Confused          |     1 |       ||     1
       Paralysed         |     1 |       ||     1
       Petrified         |       |     2 ||     2
  Eat: Chunk             |    11 |     2 ||    13
